 Dungeon Crawl Stone Soup version 0.30-a0-4-ga7cffc901d (webtiles) character file.

Game seed: 17555768546327220822

42 Setbun the Sneak (level 3, -4/20 HPs)
             Began as a Kobold Enchanter on Aug 20, 2022.
             Slain by a gnoll
             ... wielding a +0 spear
              (7 damage)
             ... on level 2 of the Dungeon.
             The game lasted 00:00:51 (1205 turns).

Setbun the Sneak (Kobold Enchanter)                 Turns: 1205, Time: 00:00:52

Health: -4/20      AC:  2    Str:  5    XL:     3   Next: 80%
Magic:  6/6        EV: 15    Int: 16    God:
Gold:   74         SH:  0    Dex: 17    Spells: 6/6 levels left

rFire   . . .      SeeInvis .    e - +2 dagger (drain)
rCold   . . .      Faith    .    (no shield)
rNeg    . . .      Spirit   .    b - +0 robe
rPois   .          Reflect  .    (no helmet)
rElec   .          Harm     .    (no cloak)
rCorr   .          Rampage  .    (no gloves)
Will    .....                    (no boots)
Stlth   ++++......               (no amulet)
HPRegen 0.06/turn                (no ring)
MPRegen 0.10/turn                (no ring)

@: no status effects
A: small, no large weapons, nightstalker 3
a: no special abilities


You were on level 2 of the Dungeon.
You visited 1 branch of the dungeon, and saw 2 of its levels.

You collected 74 gold pieces.

Inventory:

Hand Weapons
 a - a +1 dagger
 e - a +2 dagger of draining (weapon)
Armour
 b - a +0 robe (worn)
Jewellery
 m - an amulet of guardian spirit
Scrolls
 d - 2 scrolls of identify {unknown}
 g - a scroll of teleportation {unknown}
 h - a scroll of fear {unknown}
 k - a scroll of amnesia {unknown}
Potions
 c - 2 potions of invisibility
 f - 2 potions of heal wounds {unknown}
 i - a potion of brilliance {unknown}
 j - a potion of curing {unknown}
 l - a potion of lignification {unknown}


   Skills:
 + Level 1.0 Fighting
 * Level 2.7 Short Blades
 + Level 2.9 Dodging
 + Level 4.3 Stealth
 + Level 2.4 Spellcasting
 + Level 3.2 Hexes


You had 6 spell levels left.
You didn't know any spells.
Your spell library contained the following spells:

 Spells                   Type           Power      Damage    Failure   Level
 Ensorcelled Hibernation  Hex/Ice        14%        N/A       16%         2
 Confusing Touch          Hex            12%        N/A       16%         3
 Tukima's Dance           Hex            12%        N/A       16%         3
 Dazzling Flash           Conj/Hex       14%        N/A       30%         3
 Yara's Violent Unravell  Hex/Tmut       3%         3d4       96%         5
 Enfeeble                 Hex            6%         N/A       100%        7


Dungeon Overview and Level Annotations

Branches:
Dungeon (2/15)

Altars:


Innate Abilities, Weirdness & Mutations

You are small and have problems with some larger weapons.
You are completely attuned to the shadows.


Message History

You hit the endoplasm.
The endoplasm is heavily wounded.
The endoplasm freezes you.
You are frozen.
You hit the endoplasm.
You kill the endoplasm!
No target in view!
No target in view!
No target in view!
No target in view!
No target in view!
No target in view!
No target in view!
No target in view!
HP restored.
A gnoll comes into view. It is wielding a +0 whip.
A gnoll is nearby!
A gnoll comes into view. It is wielding a +0 spear.
The gnoll shouts!
You hear a shout!
A gnoll comes into view. It is wielding a +0 flail.
The gnoll misses you.
The gnoll shouts!
You hit the gnoll but do no damage. You drain the gnoll.
The gnoll is moderately wounded.
The gnoll hits you with a +0 spear.
You hit the gnoll.
The gnoll is moderately wounded.
The gnoll closely misses you. The gnoll completely misses you.
You barely miss the gnoll.
The gnoll is moderately wounded.
The gnoll closely misses you. The gnoll hits you with a +0 whip.
The gnoll completely misses you.
You hit the gnoll. You drain the gnoll.
The gnoll is almost dead.
The gnoll hits you with a +0 flail.
An endoplasm comes into view.
The gnoll hits you with a +0 whip.
* * * LOW HITPOINT WARNING * * *
The gnoll hits you with a +0 spear!
You die...

..###.#.#.........#
.##
.........###..###.#
# ######........ .#
######.##.#
...........
###....#.#
#####.##.#.#
...........#
#####.##@..#
#.#ggg.# #.#....#
#......# ..#J..#


You could see 3 gnolls and an endoplasm.

Vanquished Creatures
  A gnoll (D:1)
  3 dart slugs (D:1)
  2 endoplasms
  A giant cockroach (D:1)
  A goblin (D:1)
  A hobgoblin (D:1)
  3 quokkas
  4 ball pythons (D:1)
  3 bats (D:1)
  A frilled lizard (D:1)
  4 kobolds (D:1)
  3 rats
27 creatures vanquished.

Notes
Turn   | Place    | Note
-------+----------+-------------------------------------------
     0 | D:1      | Setbun the Kobold Enchanter began the quest for the Orb.
     0 | D:1      | Reached XP level 1. HP: 10/10 MP: 3/3
   127 | D:1      | Reached XP level 2. HP: 16/16 MP: 5/5
   572 | D:1      | Reached XP level 3. HP: 20/20 MP: 6/6
   862 | D:1      | Reached skill level 1 in Fighting
  1205 | D:2      | Slain by a gnoll

Illustrated notes

Levels and vault maps discovered:
D:1:      evilmike_arrival_fibonacci_small, layout_basic, minmay_quantized
D:2:      layout_basic, hellmonk_ecumenical_altar_run_dry

Skill      XL: |  1  2  3 |
---------------+----------+-----
Short Blades   | 2 |  2.7
Fighting       | 1 |  1.0
Dodging        | |  2.9
Stealth        | |  4.3
Spellcasting   | |  2.4
Hexes          | |  3.2

Action                   || total
-------------------------++-------
Melee: Dagger            ||    40
 Stab: Sleeping          ||    16
Dodge: Dodged            ||    16

Table legend: (Time is in decaauts)
 A = Elapsed time spent in this place.
 B = Non-inter-level travel time spent in this place.
 C = Inter-level travel time spent in this place.
 D = Time resting spent in this place.
 E = Time spent auto-exploring this place.
 F = Levels seen in this place.
 G = Mean time per level.
                   A        B        C        D        E       F      G
               +--------+--------+--------+--------+--------+-----+--------+
         Total |   1199 |   1175 |     24 |    181 |    842 |   2 |  599.5 |
       Dungeon |   1199 |   1175 |     24 |    181 |    842 |   2 |  599.5 |
               +--------+--------+--------+--------+--------+-----+--------+

Top non-repeatable levels by time:
     D:1: 1061 daAuts
     D:2: 138 daAuts
